 Dungeon Crawl Stone Soup version 0.28-a0-476-g0f06bd746f (webtiles) character file.

Game seed: 11769332051219126452

505 CraigForest the Conjurer (level 7, 0/54 HPs)
             Began as a Barachi Conjurer on Sept 16, 2021.
             Slain by an ogre (9 damage)
             ... on level 5 of the Dungeon.
             The game lasted 00:21:47 (3658 turns).

CraigForest the Conjurer (Barachi Conjurer)         Turns: 3658, Time: 00:21:48

Health: 0/54       AC:  4    Str: 10    XL:     7   Next: 18%
Magic:  2/13       EV: 12    Int: 19    God:
Gold:   134        SH:  0    Dex: 10    Spells: 11/14 levels left

rFire   . . .      SeeInvis .   a - +2 spear (flame)
rCold   . . .      Faith    .   (no shield)
rNeg    . . .      Spirit   .   w - +0 leather armour
rPois   .          Reflect  .   (no helmet)
rElec   .          Harm     .   (no cloak)
rCorr   .          Rampage  .   (no gloves)
Will    .....                   m - +0 pair of boots
Stlth   +.........              (no amulet)
HPRegen 0.18/turn               (no ring)
MPRegen 0.13/turn               (no ring)

@: marked, unable to hop, slow
A: amphibious, slowness 1, strong legs 1, +LOS
a: Hop


You were on level 5 of the Dungeon.
You visited 1 branch of the dungeon, and saw 5 of its levels.

You collected 134 gold pieces.

Inventory:

Hand Weapons
 a - a +2 spear of flaming (weapon)
 o - a +0 falchion
 p - a +0 short sword of venom
 v - a +0 flail
 x - a +0 halberd
Missiles
 g - 44 sling bullets
 h - 139 stones
 z - 22 bolts
Armour
 c - a +0 ring mail
 d - a +0 robe
 m - a +0 pair of boots (worn)
 w - a +0 leather armour (worn)
 y - a +0 pair of boots
Scrolls
 b - a scroll of magic mapping {unknown}
 e - a scroll of amnesia {unknown}
 k - a scroll of brand weapon {unknown}
 l - 2 scrolls of enchant armour {unknown}
 u - a scroll of blinking {unknown}
Potions
 f - a potion of degeneration {unknown}
 i - a potion of resistance {unknown}
 n - 2 potions of berserk rage {unknown}
 q - a potion of flight {unknown}
 r - 2 potions of heal wounds {unknown}
 s - 2 potions of brilliance {unknown}
 t - 2 potions of magic {unknown}
 A - a potion of curing {unknown}


   Skills:
 - Level 4.0 Fighting
 - Level 1.0 Maces & Flails
 - Level 2.0 Polearms
 - Level 4.0 Armour
 + Level 3.2 Dodging
 - Level 2.0 Stealth
 - Level 4.0 Spellcasting
 - Level 5.0 Conjurations


You had 11 spell levels left.
You knew the following spells:

 Your Spells              Type           Power      Damage    Failure   Level
a - Magic Dart            Conj           88%        1d7       2%          1
z - Searing Ray           Conj           44%        2d6       3%          2

Your spell library contained the following spells:

 Spells                   Type           Power      Damage    Failure   Level
 Dazzling Flash           Conj/Hex       26%        N/A       19%         3
 Mephitic Cloud           Conj/Pois/Air  10%        N/A       28%         3
 Ignite Poison            Fire/Tmut/Pois 3%         N/A       47%         3
 Fulminant Prism          Conj/Hex       6%         3d7       54%         4
 Iskenderun's Mystic Bla  Conj/Tloc      13%        2d5       54%         4
 Freezing Cloud           Conj/Ice/Air   5%         6-21      95%         5


Dungeon Overview and Level Annotations

Branches:
Dungeon (4/15)
 Temple: D:4-7

Altars:
Dithmenos


Innate Abilities, Weirdness & Mutations

You are amphibious.
You cover ground slowly.
You can hop short distances.
You have an extended range of vision and can be seen from far away.


Message History

The hound skeleton barely misses you.
You puncture the hound skeleton! You burn the hound skeleton.
You destroy the hound skeleton!
Your surroundings suddenly seem different.
An ogre comes into view. It is wielding a +0 giant club.
Found a plate armour, a thin jewelled staff and 17 gold pieces.
Press: ? - help, v - describe, . - travel, g - get item Item here: a thin jewelled staff.
The floor.
The ogre shouts!
Your magical contamination has completely faded away.
You see here a staff of fire.
Press: ? - help, v - describe, . - travel
Here: an ogre, wielding a +0 giant club The floor.
An ogre is nearby!
You are too injured to fight recklessly!
Reach: a) +2 spear (flame)
Press: ? - help, Dir - move target, f/p - ogre
Aim: an ogre, wielding a +0 giant club (about 23% to evade your +2 spear of flaming)
You reach to attack!
You barely miss the ogre.
A water moccasin zombie comes into view.
You barely miss the ogre. The ogre barely misses you.
You puncture the ogre! You burn the ogre.
The ogre is moderately wounded.
The ogre hits you with a +0 giant club!!
* * * LOW HITPOINT WARNING * * *
Okay, then.
Casting: Searing Ray (safe; 3% risk of failure)
Confirm with . or Enter, or press ? or * to list all spells.
Aiming: Searing Ray (safe; 3% risk of failure)
Press: ? - help, Shift-Dir - straight line, f/p - ogre
Aim: an ogre, wielding a +0 giant club (moderately wounded, 89% to hit)
The searing ray hits the ogre!
The ogre is heavily wounded.
The searing ray hits the water moccasin zombie!
The water moccasin zombie is moderately damaged. (Press . to maintain the ray.)
The ogre hits you with a +0 giant club!
You die...

.# #.#.## ..
#.#.. #
.##.###.#.## #
...........## #
............##.#
#
###...[..Z.....#
# #####.#|#.#..#
# #$#O# .. .. #
#.#@# ..# #
..#......# #
###.###### # #.#
# #.# ... #.#
#.# ...


You could see an ogre and a water moccasin zombie.

Vanquished Creatures
  Grinder (D:5)
  A centaur zombie (D:3)
  A bullfrog skeleton (D:4)
  An iguana (D:4)
  An orc wizard (D:3)
  A hound skeleton (D:5)
  A howler monkey zombie (D:5)
  5 adders
  4 gnolls (D:3)
  2 ufetubi (D:5)
  An adder skeleton (D:3)
  An adder zombie (D:3)
  2 worms (D:3)
  2 dart slugs
  8 orcs
  3 ball pythons
  An endoplasm (D:3)
  3 giant cockroaches
  6 goblins
  3 hobgoblins (D:1)
  3 jackals (D:4)
  6 kobolds
  3 quokkas
  3 bats (D:3)
  4 frilled lizards
  5 rats
72 creatures vanquished.

Vanquished Creatures (others)
  2 withered plants (D:3)
2 creatures vanquished.

Grand Total: 74 creatures vanquished

Notes
Turn   | Place    | Note
-------+----------+-------------------------------------------
     0 | D:1      | CraigForest the Barachi Conjurer began the quest for the
                  | Orb.
     0 | D:1      | Reached XP level 1. HP: 13/13 MP: 3/3
   323 | D:1      | Reached XP level 2. HP: 19/19 MP: 2/5
   515 | D:1      | Learned a level 2 spell: Searing Ray
   591 | D:1      | Reached skill level 1 in Maces & Flails
   822 | D:1      | Reached skill level 1 in Fighting
  1223 | D:2      | Reached XP level 3. HP: 26/26 MP: 1/7
  1316 | D:2      | Found a faded altar of an unknown god.
  1485 | D:2      | Found a shadowy altar of Dithmenos.
  2116 | D:3      | Reached XP level 4. HP: 32/32 MP: 9/9
  2183 | D:3      | Reached skill level 1 in Polearms
  2667 | D:3      | Reached skill level 5 in Conjurations
  2667 | D:3      | Reached XP level 5. HP: 26/38 MP: 11/11
  2831 | D:3      | Reached skill level 1 in Armour
  3367 | D:4      | Reached XP level 6. HP: 45/46 MP: 9/12
  3557 | D:4      | You fall into a shaft and drop 1 floor!
  3557 | D:5      | Entered Level 5 of the Dungeon
  3631 | D:5      | Noticed Grinder
  3638 | D:5      | Killed Grinder
  3639 | D:5      | Reached XP level 7. HP: 35/54 MP: 3/13
  3658 | D:5      | Slain by an ogre

Illustrated notes

Levels and vault maps discovered:
D:1:      wheals_arrival_linesprint, layout_basic, serial_park_tiny_2, hex_tiny
D:2:      layout_rooms, basic_altar,
          dreamdust_ecumenical_altar_angels_and_demons, chequers_jeans
D:3:      layout_loops_corners, serial_undead, serial_undead_c, serial_undead_a,
          serial_undead_d, serial_undead_b, serial_undead_c, serial_undead_b
D:4:      layout_loops_ring
D:5:      layout_loops_corners, mainiacjoe_overflow_alcove_4,
          minmay_temple_entry_overgrown, serial_shops, nicolae_take_the_stairs,
          uniq_grinder

Skill      XL: |  1  2  3  4  5  6 |
---------------+-------------------+-----
Spellcasting   | 3 4 |  4.0
Maces & Flails | 1 |  1.0
Fighting       | 1 2 4 |  4.0
Polearms       | 1 2 |  2.0
Stealth        | 2 |  2.0
Conjurations   | 5 |  5.0
Armour         | 2 4 |  4.0
Dodging        | 3 |  3.2

Action                   |  1- 3 |  4- 6 |  7- 9 || total
-------------------------+-------+-------+-------++-------
Melee: Mace              |     6 |       |       ||     6
       Spear             |     5 |    45 |     8 ||    58
 Cast: Magic Dart        |    53 |    30 |       ||    83
       Searing Ray       |     2 |    14 |     1 ||    17
 Abil: Hop               |       |     2 |     1 ||     3
  Use: Scroll            |       |     1 |     1 ||     2
 Stab: Sleeping          |     2 |     1 |       ||     3
Armor: Robe              |     2 |       |       ||     2
       Leather armour    |       |    22 |     1 ||    23
Dodge: Dodged            |     6 |    31 |     7 ||    44

Table legend: (Time is in decaauts)
 A = Elapsed time spent in this place.
 B = Non-inter-level travel time spent in this place.
 C = Inter-level travel time spent in this place.
 D = Time resting spent in this place.
 E = Time spent auto-exploring this place.
 F = Levels seen in this place.
 G = Mean time per level.
                   A        B        C        D        E       F      G
               +--------+--------+--------+--------+--------+-----+--------+
         Total |   4044 |   3920 |    124 |    118 |   3189 |   5 |  808.8 |
       Dungeon |   4044 |   3920 |    124 |    118 |   3189 |   5 |  808.8 |
               +--------+--------+--------+--------+--------+-----+--------+

Top non-repeatable levels by time:
     D:3: 1742 daAuts
     D:1: 1386 daAuts
     D:2: 604 daAuts
     D:4: 202 daAuts
     D:5: 108 daAuts
